 Dungeon Crawl Stone Soup version 0.29-a0-271-gd4eb659eea (webtiles) character file.

Game seed: 8671274117310307412

37 Snulken the Firebug (level 3, 0/29 HPs)
             Began as a Human Cinder Acolyte on Mar 8, 2022.
             Was a High Priest of Ignis.
             Slain by a gnoll
             ... wielding a +0 spear
              (6 damage)
             ... on level 2 of the Dungeon.
             The game lasted 00:07:06 (1617 turns).

Snulken the Firebug (Human Cinder Acolyte)          Turns: 1617, Time: 00:07:07

Health: 0/29       AC: 10    Str: 14    XL:     3   Next: 60%
Magic:  4/4        EV:  3    Int: 14    God:    Ignis [*****.]
Gold:   51         SH:  0    Dex:  8    Spells: 4/4 levels left

rFire   + . .      SeeInvis .   i - +0 whip (elec)
rCold   . . .      Faith    .   (no shield)
rNeg    . . .      Spirit   .   d - +0 plate armour
rPois   .          Reflect  .   (no helmet)
rElec   .          Harm     .   (no cloak)
rCorr   .          Rampage  .   (no gloves)
Will    .....                   (no boots)
Stlth   ..........              (no amulet)
HPRegen 0.09/turn               (no ring)
MPRegen 0.09/turn               (no ring)

@: no status effects
A: claws 1, clumsy 1, mutation resistance 1
a: Renounce Religion, Fiery Armour, Foxfire Swarm, Rising Flame


You were on level 2 of the Dungeon.
You worshipped Ignis.
Ignis was extremely pleased with you.
You visited 1 branch of the dungeon, and saw 2 of its levels.

You collected 51 gold pieces.

Inventory:

Hand Weapons
 a - a -1 short sword of flaming
 i - a +0 whip of electrocution (weapon)
 j - a +3 dagger of flaming
Missiles
 m - 51 stones (quivered)
Armour
 b - a +0 robe
 d - a +0 plate armour (worn)
Scrolls
 c - a scroll of immolation {unknown}
 e - a scroll of teleportation
Potions
 n - a potion of curing


   Skills:
 + Level 3.2 Fighting
 + Level 3.4 Short Blades
 + Level 0.1 Maces & Flails
 + Level 1.1 Armour
 + Level 1.0 Spellcasting
 + Level 3.4 Fire Magic


You had 4 spell levels left.
You didn't know any spells.
Your spell library contained the following spells:

 Spells                   Type           Power      Damage    Failure   Level
 Scorch                   Fire           20%        2d6       100%        2


Dungeon Overview and Level Annotations

Branches:
Dungeon (2/15)

Altars:


Innate Abilities, Weirdness & Mutations

You have sharp fingernails.
You are clumsy. (Dex -2)
You are somewhat resistant to further mutation.


Message History

Throw: 54 stones
Press: ? - help, Q - select action Shift-Dir - straight line, f/p - gnoll
Aim: a gnoll, wielding a +0 spear (58% to hit)
You throw a stone. The stone closely misses the gnoll.
The gnoll hits you from afar with a +0 spear.
Throw: 53 stones
Press: ? - help, Q - select action Shift-Dir - straight line, f/p - gnoll
Aim: a gnoll, wielding a +0 spear (58% to hit)
You throw a stone.
The stone hits the gnoll but does no damage.
The gnoll hits you from afar with a +0 spear.
The gnoll hits you but does no damage.
Found 2 poisoned darts.
Throw: 52 stones
Press: ? - help, Q - select action Shift-Dir - straight line, f/p - gnoll
Aim: a gnoll, wielding a +0 spear (58% to hit)
You throw a stone. The stone barely misses the gnoll.
The gnoll barely misses you. The gnoll hits you but does no damage.
The gnoll hits you with a +0 spear. The gnoll hits you but does no damage.
You hit the gnoll.
The gnoll is moderately wounded.
The gnoll hits you but does no damage.
The gnoll hits you from afar with a +0 spear.
You hit the gnoll but do no damage.
The gnoll is moderately wounded.
The gnoll hits you with a +0 spear. The gnoll hits you but does no damage.
The gnoll hits you from afar with a +0 spear.
* * * LOW HITPOINT WARNING * * *
Activating: Foxfire Swarm
Press: ? - help, Dir - look around, f - activate Look: a gnoll, wielding a +0 spear (moderately wounded) Flames leap up around you!
The gnoll hits you but does no damage.
The foxfire hits the gnoll.
The gnoll is moderately wounded.
The gnoll hits you from afar with a +0 spear.
* * * LOW HITPOINT WARNING * * *
The gnoll hits you from afar with a +0 spear.
* * * LOW HITPOINT WARNING * * *
The gnoll hits you from afar with a +0 spear.
You die...

#### .##.. #.##.####
#..##.##.. ##..# #....#
#..# ##..###
#.#########.####..####
#(.vv@.gggg....(......
.....########(#.....####
..# ##.(..####
#####.(..##
.####[..g..#.#
......†....#.#####
..##g$.###........ #.g##
#...###### #. #....#


You could see 4 gnolls.

Vanquished Creatures
  A dart slug (D:1)
  3 ball pythons (D:1)
  3 endoplasms
  2 giant cockroaches (D:1)
  3 goblins (D:1)
  3 hobgoblins (D:1)
  2 quokkas (D:2)
  2 bats (D:1)
  3 frilled lizards (D:1)
  6 kobolds (D:1)
  5 rats (D:1)
33 creatures vanquished.

Vanquished Creatures (others)
  A foxfire (D:2)
1 creature vanquished.

Grand Total: 34 creatures vanquished

Notes
Turn   | Place    | Note
-------+----------+-------------------------------------------
     0 | D:1      | Snulken the Human Cinder Acolyte began the quest for the
                  | Orb.
     0 | D:1      | Reached XP level 1. HP: 18/18 MP: 2/2
   119 | D:1      | Found a faded altar of an unknown god.
   151 | D:1      | Reached XP level 2. HP: 22/24 MP: 3/3
   814 | D:1      | Reached XP level 3. HP: 27/29 MP: 4/4
  1434 | D:1      | Gained mutation: You have sharp fingernails. [potion of
                  | mutation]
  1434 | D:1      | Gained mutation: You are clumsy. (Dex -2) [potion of
                  | mutation]
  1434 | D:1      | Gained mutation: You are somewhat resistant to further
                  | mutation. [potion of mutation]
  1472 | D:2      | Reached skill level 1 in Armour
  1617 | D:2      | Slain by a gnoll

Illustrated notes

Levels and vault maps discovered:
D:1:      dpeg_arrival_boxes_within_box, layout_loops_ring,
          hellmonk_ecumenical_altar_pennies_from_heaven
D:2:      layout_rooms, chequers_serial_rivers_micro_c

Skill      XL: |  1  2  3 |
---------------+----------+-----
Armour         | 1 |  1.1
Fighting       | |  3.2
Short Blades   | |  3.4
Maces & Flails | |  0.1
Spellcasting   | |  1.0
Fire Magic     | |  3.4

Action                   || total
-------------------------++-------
Melee: Short sword       ||    34
       Whip              ||   105
Throw: Stone             ||    46
Invok: Foxfire Swarm     ||     1
  Use: Potion            ||     5
       Scroll            ||     3
Armor: Plate armour      ||   139
       Robe              ||     1
Dodge: Dodged            ||    28

Table legend: (Time is in decaauts)
 A = Elapsed time spent in this place.
 B = Non-inter-level travel time spent in this place.
 C = Inter-level travel time spent in this place.
 D = Time resting spent in this place.
 E = Time spent auto-exploring this place.
 F = Levels seen in this place.
 G = Mean time per level.
                   A        B        C        D        E       F      G
               +--------+--------+--------+--------+--------+-----+--------+
         Total |   1631 |   1631 |      0 |    254 |    837 |   2 |  815.5 |
       Dungeon |   1631 |   1631 |      0 |    254 |    837 |   2 |  815.5 |
               +--------+--------+--------+--------+--------+-----+--------+

Top non-repeatable levels by time:
     D:1: 1477 daAuts
     D:2: 154 daAuts
